 Dungeon Crawl Stone Soup version 0.31-a0-700-gf13585253f (webtiles) character file.

Game seed: 6470077861691884780

1099 pokeman the Thaumaturge (level 8, -14/44 HPs)
             Began as a Deep Elf Hedge Wizard on Sept 7, 2023.
             Killed from afar by an acid dragon (28 damage)
             ... with a splash of acid
             ... on level 6 of the Dungeon.
             The game lasted 00:14:57 (7221 turns).

pokeman the Thaumaturge (Deep Elf Hedge Wizard)     Turns: 7221, Time: 00:14:58

Health: -14/44     AC:  3    Str:  7    XL:     8   Next: 10%
Magic:  19/23      EV: 18    Int: 22    God:
Gold:   424        SH:  0    Dex: 14    Spells: 8/25 levels left

rFire   . . .        G - +5 Force Lance {heavy, knockback}
rCold   . . .        (no shield)
rNeg    . . .        b - +0 robe
rPois   .            z - +0 helmet
rElec   .            (no cloak)
rCorr   .            (no gloves)
SInv    .            (no boots)
Will    .....        E - amulet of the acrobat
Stlth   ++           B - +5 ring of evasion
HPRegen 0.27/turn    (no ring)
MPRegen 0.18/turn

%: acrobat
@: no status effects
A: no striking features
a: no special abilities


You were on level 6 of the Dungeon.
You visited 1 branch of the dungeon, and saw 6 of its levels.

You collected 424 gold pieces.

Inventory:

Hand Weapons
 F - a +0 scythe of venom
 G - the +5 Force Lance (weapon) {heavy, knockback}
   (You found it on level 6 of the Dungeon)
Missiles
 D - 3 curare-tipped darts
Armour
 b - a +0 robe (worn)
 z - a +0 helmet (worn)
Jewellery
 B - a +5 ring of evasion (left hand)
 E - an amulet of the acrobat (around neck)
Wands
 a - a wand of paralysis (4)
 c - a wand of iceblast (22)
 x - a wand of flame (22)
Scrolls
 e - a scroll of fog {unknown}
 f - 3 scrolls of teleportation {unknown}
 l - 2 scrolls of identify {unknown}
 m - 2 scrolls of enchant armour {unknown}
 n - 2 scrolls of immolation {unknown}
 p - a scroll of amnesia {unknown}
 q - a scroll of butterflies {unknown}
 s - 2 scrolls of noise {unknown}
 y - a scroll of poison {unknown}
 A - a scroll of revelation {unknown}
Potions
 d - a potion of magic
 g - 2 potions of invisibility {unknown}
 h - a potion of curing {unknown}
 i - 2 potions of enlightenment {unknown}
 j - a potion of cancellation {unknown}
 k - 4 potions of degeneration {unknown}
 o - a potion of ambrosia {unknown}
 r - 2 potions of mutation {unknown}
 t - 5 potions of heal wounds {unknown}
 u - a potion of haste {unknown}
 v - 2 potions of might {unknown}
 w - a potion of attraction {unknown}
 C - a potion of brilliance {unknown}


   Skills:
 - Level 2.0 Fighting
 + Level 1.2 Armour
 - Level 3.0 Dodging
 - Level 3.1 Stealth
 * Level 9.0 Spellcasting
 + Level 4.4 Conjurations
 - Level 1.1 Summonings
 - Level 1.1 Translocations
 + Level 2.0 Fire Magic
 - Level 2.3 Air Magic
 - Level 2.2 Poison Magic
 - Level 2.2 Evocations


You had 8 spell levels left.
You knew the following spells:

 Your Spells              Type           Power      Damage    Failure   Level
a - Magic Dart            Conj           100%       1d8       1%          1
b - Mephitic Cloud        Conj/Pois/Air  23%        N/A       6%          3
c - Call Imp              Summ           28%        N/A       6%          2
d - Blink                 Tloc           28%        N/A       6%          2
e - Starburst             Conj/Fire      12%        6d5       95%         6
f - Swiftness             Air            20%        N/A       8%          3

Your spell library contained the following spells:

 Spells                   Type           Power      Damage    Failure   Level
 Shock                    Conj/Air       96%        1d9       1%          1
 Apportation              Tloc           28%        N/A       4%          1
 Cigotuvi's Dreadful Rot  Necr/Pois/Air  32%        N/A       5%          2
 Slow                     Hex            36%        N/A       7%          1
 Dazzling Flash           Conj/Hex       38%        N/A       9%          3
 Jinxbite                 Hex            18%        N/A       10%         2
 Volatile Blastmotes      Fire/Tloc      32%        2d12      11%         3
 Airstrike                Air            10%        2d(2-18)  26%         4
 Alistair's Intoxication  Tmut/Pois      9%         N/A       75%         5
 Maxwell's Capacitive Co  Air            10%        ∞         100%        8


Dungeon Overview and Level Annotations

Branches:
Dungeon (6/15)
 Temple: D:4-7

Altars:
Gozag
Sif Muna
Yredelemnul

Shops:
D:2 [   D:4 *   D:6 *


Message History

Reach: G) +5 Force Lance {heavy, knockback}
Press: ? - help, Dir - move target, f - acid dragon
Aim: an acid dragon (ally target, about 33% to evade the +5 Force Lance)
You could not reach far enough!
Your cerulean imp hits the acid dragon with a -3 spear.
The acid dragon completely misses your cerulean imp.
The acid dragon claws your cerulean imp.
Your cerulean imp barely misses the acid dragon.
Reach: G) +5 Force Lance {heavy, knockback}
Press: ? - help, Dir - move target, f/p - acid dragon
Aim: an acid dragon (lightly wounded, ally target, about 33% to evade the +5 Force Lance)
You reach to attack!
You hit the acid dragon but do no damage.
The acid dragon is lightly wounded.
The acid dragon closely misses your cerulean imp.
The acid dragon misses your cerulean imp.
Your cerulean imp barely misses the acid dragon.
The acid dragon bites your cerulean imp.
The acid dragon closely misses your cerulean imp.
Reach: G) +5 Force Lance {heavy, knockback}
Press: ? - help, Dir - move target, f/p - acid dragon
Aim: an acid dragon (lightly wounded, ally target, about 33% to evade the +5 Force Lance)
You could not reach far enough!
Your cerulean imp hits the acid dragon with a -3 spear.
The acid dragon spits acid at you.
The splash of acid hits your cerulean imp!!
The acid corrodes your cerulean imp!
Your cerulean imp dies!
Your cerulean imp disappears in a puff of smoke!
The acid dragon attacks as it pursues you!
The acid dragon bites you. The acid dragon claws you.
* * * LOW HITPOINT WARNING * * *
Aiming: Paralyse
Press: ? - help, Shift-Dir - straight line, f/p - acid dragon
Aim: an acid dragon (lightly wounded, chance to affect: 54%)
The acid dragon resists with significant effort.
The acid dragon spits acid at you. The splash of acid hits you!!
Ouch! That really hurt!
You die...

#.##### #.# #.#
#.#≈≈≈≈≈≈ #.# #.#
#.# #.#≈≈#≈≈# #.#
#.# #.### #..# ≈≈≈≈
#.# #.# #.#.##
#..###≈≈#
##.#######.#
#..#.###....#≈##
...........#
#...............
##.####..###
##....###.#######
### #...# ####....##
#.# # #...#
#.D@.#...# #.#######
##...#
#§##.....###........
#...## #.
##.#...........##
##...# <.
#.#.>...........
##...## ##.
#.#.#.#..#.#..##
##...## ..
....#.#.#...#.##
#...## ..
..........∩.....
##...# ..
.###.#.#...#.##
#...## #.#..#.#..##


You could see an acid dragon (catching breath).

Vanquished Creatures
  Sigmund (D:5)
  A yak (D:4)
  A black bear (D:5)
  An electric eel (D:6)
  A howler monkey (D:4)
  2 jellies
  2 hounds
  8 iguanas
  2 sleepcaps
  Ijyb (D:3)
  An orc wizard (D:4)
  Robin (D:3)
  A gnoll (D:4)
  6 adders
  2 shadow imps
  A white imp (D:6)
  An ufetubus (D:6)
  2 worms (D:4)
  2 dart slugs
  6 orcs
  11 endoplasms
  4 giant cockroaches
  10 goblins
  9 hobgoblins
  4 quokkas
  10 ball pythons
  4 bats
  A frilled lizard (D:3)
  6 kobolds
  9 rats
111 creatures vanquished.

Notes
Turn   | Place    | Note
-------+----------+-------------------------------------------
     0 | D:1      | pokeman the Deep Elf Hedge Wizard began the quest for the
                  | Orb.
     0 | D:1      | Reached XP level 1. HP: 10/10 MP: 7/7
   289 | D:1      | Reached XP level 2. HP: 13/15 MP: 4/9
   900 | D:1      | Reached skill level 5 in Spellcasting
  1096 | D:1      | Reached XP level 3. HP: 20/20 MP: 9/11
  1100 | D:1      | Learned a level 3 spell: Mephitic Cloud
  1103 | D:1      | Learned a level 2 spell: Call Imp
  1106 | D:1      | Learned a level 2 spell: Blink
  1177 | D:1      | Found a faded altar of an unknown god.
  2294 | D:2      | Found Zonar's Armour Shop.
  2301 | D:2      | Reached skill level 1 in Fighting
  2301 | D:2      | Reached skill level 1 in Armour
  2457 | D:2      | Reached XP level 4. HP: 25/25 MP: 10/13
  2816 | D:3      | Noticed Robin
  2831 | D:3      | Killed Robin
  3198 | D:3      | Reached skill level 6 in Spellcasting
  3320 | D:3      | Noticed Ijyb
  3329 | D:3      | Killed Ijyb
  3330 | D:3      | Reached XP level 5. HP: 26/29 MP: 12/15
  4481 | D:4      | Found an opulent altar of Gozag.
  4483 | D:4      | Found Gozag's Platinum Reserve.
  4714 | D:4      | Found a transporter.
  4714 | D:4      | Noticed a yak
  4719 | D:4      | Found a transporter.
  4729 | D:4      | Found a shimmering blue altar of Sif Muna.
  5368 | D:4      | Reached skill level 1 in Poison Magic
  5368 | D:4      | Reached skill level 1 in Evocations
  5375 | D:4      | Reached skill level 1 in Air Magic
  5377 | D:4      | Reached XP level 6. HP: 12/34 MP: 0/17
  5387 | D:4      | Killed a yak
  5388 | D:4      | Reached skill level 7 in Spellcasting
  5503 | D:5      | Entered Level 5 of the Dungeon
  5559 | D:5      | Noticed Sigmund
  5572 | D:5      | Killed Sigmund
  5573 | D:5      | Reached XP level 7. HP: 38/38 MP: 17/20
  5956 | D:5      | Reached skill level 8 in Spellcasting
  6009 | D:5      | Found a basalt altar of Yredelemnul.
  6020 | D:5      | Learned a level 6 spell: Starburst
  6024 | D:5      | Learned a level 3 spell: Swiftness
  6390 | D:5      | Reached skill level 1 in Fire Magic
  6740 | D:6      | Found the +5 Force Lance {heavy, knockback}
  7055 | D:6      | Found Qocsisox's Overcharged Wands.
  7059 | D:6      | Reached XP level 8. HP: 44/44 MP: 18/22
  7217 | D:6      | Reached skill level 9 in Spellcasting
  7221 | D:6      | Killed from afar by an acid dragon

Illustrated notes

Levels and vault maps discovered:
D:1:      psy_arrival_radial02, layout_basic, shapermc_ecumenical_altar_petra
D:2:      layout_basic, serial_shops, shop
D:3:      layout_basic, uniq_ijyb, uniq_robin
D:4:      wad_river_or_something, layout_loops_ring,
          gammafunk_temple_overflow_arena, nicolae_gozag_zags_fifth_avenue
D:5:      layout_gridville, mainiacjoe_overflow_catwalk, uniq_sigmund
D:6:      layout_loops_ring, gammafunk_temple_overflow_statue, minivault_4,
          eino_curves_02, nicolae_shop_overcharged_wands

Skill      XL: |  1  2  3  4  5  6  7  8 |
---------------+-------------------------+-----
Spellcasting   | 5 6 7 8 9 |  9.0
Fighting       | 1 2 |  2.0
Armour         | 1 |  1.2
Conjurations   | 2 3 4 |  4.4
Dodging        | 3 |  3.0
Stealth        | 3 |  3.1
Poison Magic   | 1 2 |  2.2
Evocations     | 1 2 |  2.2
Air Magic      | 1 2 |  2.3
Fire Magic     | 1 2 |  2.0
Summonings     | |  1.1
Translocations | |  1.1

Action                     |  1- 3 |  4- 6 |  7- 9 || total
---------------------------+-------+-------+-------++-------
  Melee: Dagger            |     8 |     5 |       ||    13
         Mace              |       |    32 |       ||    32
         Punch             |       |     1 |     1 ||     2
         Halberd           |       |       |    43 ||    43
         Lance             |       |       |     5 ||     5
   Cast: Magic Dart        |   121 |    97 |    57 ||   275
         Mephitic Cloud    |       |     8 |    10 ||    18
         Blink             |       |     5 |     1 ||     6
         Call Imp          |       |     1 |     3 ||     4
  Evoke: Wand              |       |     3 |     1 ||     4
   Stab: Confused          |       |     4 |     1 ||     5
         Sleeping          |       |     1 |       ||     1
         Paralysed         |       |     9 |       ||     9
         Distracted        |       |       |     1 ||     1
 Armour: Robe              |    21 |    21 |    25 ||    67
  Dodge: Dodged            |    21 |    56 |    32 ||   109

Table legend: (Time is in decaauts)
 A = Elapsed time spent in this place.
 B = Non-inter-level travel time spent in this place.
 C = Inter-level travel time spent in this place.
 D = Time resting spent in this place.
 E = Time spent auto-exploring this place.
 F = Levels seen in this place.
 G = Mean time per level.
                   A        B        C        D        E       F      G
               +--------+--------+--------+--------+--------+-----+--------+
         Total |   7259 |   7044 |    215 |     55 |   6034 |   6 | 1209.8 |
       Dungeon |   7259 |   7044 |    215 |     55 |   6034 |   6 | 1209.8 |
               +--------+--------+--------+--------+--------+-----+--------+

Top non-repeatable levels by time:
     D:1: 1584 daAuts
     D:4: 1499 daAuts
     D:2: 1223 daAuts
     D:3: 1205 daAuts
     D:5: 1154 daAuts
     D:6: 591 daAuts
